 Dungeon Crawl Stone Soup version 0.31-a0-231-g51bb95cda3 (webtiles) character file.

Game seed: 2806605689268396499

53 qw the Shooter (level 3, -4/29 HPs)
             Began as a Minotaur Hexslinger on July 6, 2023.
             Slain by Sigmund
             ... wielding a +0 scythe
              (10 damage)
             ... on level 2 of the Dungeon.
             The game lasted 00:00:28 (1341 turns).

qw the Shooter (Minotaur Hexslinger)                Turns: 1341, Time: 00:00:29

Health: -4/29      AC:  4    Str: 11    XL:     3   Next: 62%
Magic:  3/3        EV: 12    Int:  9    God:
Gold:   54         SH:  0    Dex: 18    Spells: 3/4 levels left

rFire   . . .        Y - +1 sling
rCold   . . .        (no shield)
rNeg    . . .        c - +0 robe
rPois   +            (helmet restricted)
rElec   +            (no cloak)
rCorr   .            (no gloves)
SInv    .            (no boots)
Will    .....        (no amulet)
Stlth   ++           f - ring of poison resistance
HPRegen 0.24/turn    (no ring)
MPRegen 0.08/turn

%: no passive effects
@: no status effects
A: horns 2, retaliatory headbutt, iridescent scales 1, agile 1, electricity
resistance
a: no special abilities


You were on level 2 of the Dungeon.
You visited 1 branch of the dungeon, and saw 2 of its levels.

You collected 54 gold pieces.


Innate Abilities, Weirdness & Mutations

You have a pair of horns on your head.
You reflexively headbutt those who attack you in melee.
You are partially covered in iridescent scales. (AC +2)
You are agile. (Dex +4, Str/Int -1)
You are resistant to electric shocks. (rElec)


   Skills:
 - Level 2.0 Fighting
 + Level 4.2 Ranged Weapons
 - Level 2.1 Dodging
 - Level 1.0 Spellcasting
 - Level 2.0 Hexes


You had 3 spell levels left.
You knew the following spells:

 Your Spells              Type           Power      Damage    Failure   Level
a - Slow                  Hex            16%        N/A       16%         1

Your spell library contained the following spells:

 Spells                   Type           Power      Damage    Failure   Level
 Inner Flame              Hex/Fire       2%         N/A       58%         3
 Portal Projectile        Hex/Tloc       4%         N/A       58%         3
 Cause Fear               Hex            2%         N/A       85%         4

Inventory:

Hand Weapons
 Y - a +1 sling (weapon)
Armour
 c - a +0 robe (worn)
Jewellery
 a - an amulet of regeneration
 f - a ring of poison resistance (left hand)
Potions
 b - a potion of curing {unknown}
 d - a potion of brilliance {unknown}
 e - a potion of resistance
 i - a potion of mutation

Dungeon Overview and Level Annotations

Branches:
Dungeon (2/15)

Altars:

Shops:
D:1 ?**[(

Annotations:
D:2 Sigmund


Message History

Enter note: You shoot a sling bullet.
The sling bullet hits Sigmund.
Sigmund shouts!
Sigmund is lightly wounded.
A ball python comes into view.
Enter note:
Enter note:
Enter note:
Enter note:
Enter note:
Enter note: You shoot a sling bullet.
The sling bullet completely misses Sigmund.
The ball python hisses angrily.
You shoot a sling bullet.
The sling bullet closely misses Sigmund.
Sigmund gestures wildly while chanting.
Sigmund flickers and vanishes!
Deactivating autopickup; reactivate with Ctrl-A.
You shoot a sling bullet.
The sling bullet closely misses the ball python.
Something hits you but does no damage.
You shoot a sling bullet. The sling bullet hits the ball python!
You kill the ball python!
A magic dart appears from out of thin air!
The magic dart hits you!
You shoot a sling bullet. Something hits you.
You shoot a sling bullet. Something hits you.
You shoot a sling bullet. You shoot a sling bullet.
Something barely misses you.
You shoot a sling bullet. Something hits you!
You shoot a sling bullet. Something barely misses you.
You shoot a sling bullet. Something hits you!
You die...

# #...# #.# #.## ##
#..%# #.# ##.%. .# #...#
#.####..## .# #...#
#......... .# ### #####
####...##. .# ....
###..####. .# .....
#########....##... (#
......#............##.##
.#
.....%.@#######....##.##
.# .......## ##....##...
## .....{# #......)...
...... #..........
...... #.......... .....
#.......... ####. .....
#.......... ..... ..##
#.......... ##......
#..........


There were no monsters in sight!

Vanquished Creatures
  An adder (D:2)
  4 ball pythons
  A bat (D:1)
  5 endoplasms
  4 giant cockroaches
  6 goblins
  3 hobgoblins
  5 kobolds
  3 quokkas
  3 frilled lizards
  2 rats (D:1)
37 creatures vanquished.

Notes
Turn   | Place    | Note
-------+----------+-------------------------------------------
     0 | D:1      | qw the Minotaur Hexslinger began the quest for the Orb.
     0 | D:1      | Reached XP level 1. HP: 16/16 MP: 1/1
     0 | D:1      | 0 ||| qw: Version: 0.3-a-46-gb1f654a
     0 | D:1      | 0 ||| qw: Game counter: 1895
     0 | D:1      | 0 ||| qw: Melee chars always use a shield: true
     0 | D:1      | 0 ||| qw: God list: Okawaru
     0 | D:1      | 0 ||| qw: Allow faded altars: false
     0 | D:1      | 0 ||| qw: Do Orc after clearing Dungeon:15 true
     0 | D:1      | 0 ||| qw: Do second Lair branch before Depths: true
     0 | D:1      | 0 ||| qw: Lair rune preference: random
     0 | D:1      | 0 ||| qw: Goals: Normal
     0 | D:1      | 0 ||| PLANNING D:1-11
   204 | D:1      | Found Boijepp's General Store.
   212 | D:1      | 212 ||| SHOPLISTING +0 leather armour (28 gold, have 0).
   212 | D:1      | 212 ||| SHOPLISTING 3 scrolls of identify (84 gold, have
                  | 0).
   229 | D:1      | Reached skill level 3 in Ranged Weapons
   247 | D:1      | Reached XP level 2. HP: 23/23 MP: 2/2
   340 | D:1      | Found Tailiota's Magic Scroll Shoppe.
   344 | D:1      | 344 ||| SHOPLISTING scroll of brand weapon (95 gold, have
                  | 0).
   344 | D:1      | 344 ||| SHOPLISTING scroll of teleportation (30 gold, have
                  | 0).
   356 | D:1      | Found Meagy's Assorted Antiques.
   364 | D:1      | 364 ||| SHOPLISTING fuming white potion (24 gold, have 0).
   364 | D:1      | 364 ||| SHOPLISTING leather armour (54 gold, have 0).
   364 | D:1      | 364 ||| SHOPLISTING scroll labelled QUR PAAS GEUR (27 gold,
                  | have 0).
   364 | D:1      | 364 ||| SHOPLISTING scroll labelled WEAMAODEUR (27 gold,
                  | have 0).
   364 | D:1      | 364 ||| SHOPLISTING smoky coppery potion (24 gold, have 0).
   433 | D:1      | Found Dacisyb's Armour Shop.
   439 | D:1      | 439 ||| SHOPLISTING +0 leather armour (24 gold, have 0).
   439 | D:1      | 439 ||| SHOPLISTING +0 pair of boots (54 gold, have 0).
   439 | D:1      | 439 ||| SHOPLISTING +0 pair of gloves (54 gold, have 0).
   879 | D:1      | Found Voash's Antique Weapon Shoppe.
   968 | D:1      | 968 ||| UPGRADING to ring of poison resistance.
   969 | D:1      | 969 ||| READING scroll labelled QUR PAAS GEUR.
   970 | D:1      | 970 ||| READING scroll labelled WEAMAODEUR.
   975 | D:1      | 975 ||| DRINKING 2 fuming white potions.
   976 | D:1      | 976 ||| DRINKING 2 gluggy clear potions.
   976 | D:1      | Gained mutation: You are agile. (Dex +4, Str/Int -1)
                  | [potion of mutation]
   976 | D:1      | Gained mutation: You are resistant to electric shocks.
                  | (rElec) [potion of mutation]
   976 | D:1      | Gained mutation: You are partially covered in iridescent
                  | scales. (AC +2) [potion of mutation]
   977 | D:1      | 977 ||| DROPPING scroll of poison.
  1065 | D:2      | Reached XP level 3. HP: 26/29 MP: 3/3
  1157 | D:2      | Reached skill level 4 in Ranged Weapons
  1198 | D:2      | 1198 ||| FLEEEEING.
  1328 | D:2      | Noticed Sigmund
  1339 | D:2      | HP: 5/29 [something (10)]
  1341 | D:2      | Slain by Sigmund

Levels and vault maps discovered:
D:1:      dpeg_arrival_rhombi, layout_loops_corners, serial_shops,
          nicolae_square_shop, nicolae_shop_hallway_stairs, shop, shop, shop,
          hangedman_glass_teeth, nicolae_concentric_dashed_squares_mild,
          minmay_misc_feat_room, minmay_distorted
D:2:      layout_basic, minmay_tripent, uniq_sigmund

Skill      XL: |  1  2  3 |
---------------+----------+-----
Ranged Weapons | 3 4 |  4.2
Fighting       | 2 |  2.0
Dodging        | |  2.1
Spellcasting   | |  1.0
Hexes          | |  2.0

Action                     || total
---------------------------++-------
   Fire: Sling             ||   101
    Use: Scroll            ||     2
         Potion            ||     2
 Armour: Robe              ||    13
  Dodge: Dodged            ||    24

Table legend:
 A = Non-vault XP
 B = Vault XP
 C = Vault XP percentage of total XP
 D = Non-vault monster count
 E = Vault monster count
 F = Vault count percentage of total count
                 A         B        C        D         E       F
            +---------+---------+-------+---------+---------+-------
      Total |      71 |       5 |   6.6 |      34 |       3 |   8.1
            +---------+---------+-------+---------+---------+-------
        D:1 |      28 |       5 |  15.2 |      17 |       3 |  15.0
        D:2 |      43 |       0 |   0.0 |      17 |       0 |   0.0
            +---------+---------+-------+---------+---------+-------
